 Dungeon Sprint DCSS version 0.21.1-1-g345015f (webtiles) character file.

422 sankara the Spear-Bearer (level 7, -5/61 HPs)
             Began as a Formicid Fighter on Apr 3, 2018.
             Was an Initiate of Okawaru.
             Slain by a centaur warrior (9 damage)
             ... in the Dungeon (Sprint I: "Red Sonja").
             The game lasted 00:04:21 (652 turns).

sankara the Spear-Bearer (Formicid Fighter)          Turns: 652, Time: 00:04:22

Health: -5/61      AC:  8    Str: 23    XL:     7   Next: 17%
Magic:  7/7        EV:  9    Int:  7    God:    Okawaru [......]
Gold:   325        SH: 11    Dex: 10    Spells: 6/6 levels left

rFire    . . .     SeeInvis +   m - +0 scythe
rCold    . . .     Gourm    .   c - +0 shield
rNeg     . . .     Faith    .   b - +0 scale mail
rPois    .         Spirit   .   (helmet unavailable)
rElec    .         Reflect  .   (no cloak)
rCorr    .         Harm     .   (no gloves)
MR       .....                  (no boots)
Stlth    ..........             (no amulet)
HPRegen  0.20/turn              (no ring)
MPRegen  0.10/turn              (no ring)

@: no status effects
A: permanent stasis, dig shafts and tunnels, four strong arms, antennae 3
a: Dig, Renounce Religion


You were in the Dungeon.
You worshipped Okawaru.
Okawaru was noncommittal.
You were not hungry.

You visited 1 branch You collected 325 gold pieces.

Inventory:

Hand Weapons
 a - a +0 trident
 m - a +0 scythe (weapon)
   (You took it off Sigmund in the Dungeon)
Armour
 b - a +0 scale mail (worn)
 c - a +0 shield (worn)
Wands
 n - a wand of polymorph (11)
   (You found it in the Dungeon)
Scrolls
 k - a scroll of blinking {!r}
Potions
 d - a potion of might
 e - a potion of curing
 g - a potion of heal wounds
 h - a potion of haste
 i - 2 potions of magic
 j - a potion of berserk rage {!q}
 l - 2 potions of mutation {unknown}
Comestibles
 f - a ration
 o - 4 chunks of flesh {@w0}


   Skills:
 + Level 7.8 Fighting
 * Level 9.3 Polearms
 + Level 7.8 Armour
 + Level 8.5 Shields


You had 6 spell levels left.
You didn't know any spells.

Dungeon Overview and Level Annotations

Branches:
Dungeon (1/1)

Altars:
Cheibriados
Dithmenos
Elyvilon
Fedhas
Gozag
Hepliaklqana
Kikubaaqudgha
Nemelex Xobeh
Okawaru
Qazlal
Ru
Sif Muna
Trog
Uskayaw
Vehumet
Wu Jian
Yredelemnul
Zin
The Shining One

Shops:
D %


Innate Abilities, Weirdness & Mutations

You cannot be hasted, slowed, berserked, paralysed or teleported.
You can dig through walls and to a lower floor.
Your four strong arms can wield two-handed weapons with a shield.
You have a pair of large antennae on your head. (SInv)


Message History

The yak is heavily wounded.
You block the yak's attack.
You slash the yak!
The yak is almost dead.
The yak gores you! You block the yak's attack.
You are too injured to fight recklessly!
You are too injured to fight recklessly!
You hit the yak but do no damage.
The yak is almost dead.
You block the yak's attack. x2
You hit the yak.
The yak is almost dead.
The yak gores you.
You hit the yak.
You kill the yak!
Your Polearms skill increases to level 9!
Your Shields skill increases to level 8!
You have reached level 7!
Found an opulent altar of Gozag.
There is an open door, spattered with blood here.
You see here a yak corpse.
You butcher the yak corpse.
o - 4 chunks of flesh {@w0}
There is an open door, spattered with blood here.
Found a sparkling altar of Nemelex Xobeh.
There is an entrance to Woffuud's Food Emporium here.
You can access your shopping list by pressing '$'.
There is a bloodstained altar of Trog here.
There is an iron altar of Okawaru here.
You kneel at the altar of Okawaru.
Okawaru welcomes you!
There is an entrance to Woffuud's Food Emporium here.
You start resting.
HP restored.
There is an open door, spattered with blood here.
You open the door.
There is an open door here.
You now have 201 gold pieces (gained 27).
You now have 228 gold pieces (gained 27).
You now have 255 gold pieces (gained 27).
You now have 282 gold pieces (gained 27).
You now have 309 gold pieces (gained 27).
There is an open door here.
There is a deep blue altar of Sif Muna here.
You open the door.
You close the door.
There is an open door here.
There is an open door here.
There is a deep blue altar of Sif Muna here.
You open the door.
There is an open door here.
You now have 325 gold pieces (gained 16).
There is an open door here.
There is a deep blue altar of Sif Muna here.
You open the door. 2 centaur warriors come into view.
There is an open door here.
You enter the shallow water.
Moving in this stuff is going to be slow.
The centaur warrior shouts!
The centaur warrior wields a shortbow.
The centaur warrior shoots an arrow.
The arrow hits you!
You hear a splash.
The centaur warrior closely misses you.
You see here an arrow.
The centaur warrior hits you! The centaur warrior hits you.
The centaur warrior unwields an uncursed shortbow.
You block the centaur warrior's attack.
You are too injured to fight recklessly!
You closely miss the centaur warrior. The centaur warrior hits you.
You block the centaur warrior's attack. The centaur warrior hits you.
You block the centaur warrior's attack.
You slash the centaur warrior!
The centaur warrior is lightly wounded.
The centaur warrior hits you but does no damage.
You block the centaur warrior's attack.
The centaur warrior hits you but does no damage.
You block the centaur warrior's attack.
You slice the centaur warrior!!
The centaur warrior is heavily wounded.
The centaur warrior hits you!
* * * LOW HITPOINT WARNING * * *
The centaur warrior hits you but does no damage.
You block the centaur warrior's attack. x2
The centaur warrior barely misses you.
You slash the centaur warrior!
The centaur warrior is severely wounded.
The centaur warrior hits you!
* * * LOW HITPOINT WARNING * * *
The centaur warrior hits you but does no damage.
The centaur warrior hits you.
* * * LOW HITPOINT WARNING * * *
You block the centaur warrior's attack.
You hit the centaur warrior but do no damage.
The centaur warrior is severely wounded.
The centaur warrior hits you but does no damage.
The centaur warrior hits you.
* * * LOW HITPOINT WARNING * * *
The centaur warrior hits you!
You die...

#############
#..)..#..'..# {
)..#..'.[#..+ { {
#####'#####'# ####{
####..#...#.####§§#
#__####..##.#§§§@§#
#_____##'#_.§≈§cc§+
{
#_.∩...'..._#≈§§§§#
#_..__##_.#'##+####
#_____###+#.# {
####### ### { { {


You could see 2 centaur warriors.

Vanquished Creatures
  Sigmund (D)
  A yak (D)
  An ogre (D)
  A jelly (D)
  Ijyb (D)
5 creatures vanquished.

Notes
Turn   | Place    | Note
-------+----------+-------------------------------------------
     0 | D        | sankara the Formicid Fighter began the quest for the Orb.
     0 | D        | Reached XP level 1. HP: 18/18 MP: 1/1
     1 | D        | Noticed Ijyb
     9 | D        | Killed Ijyb
     9 | D        | Reached skill level 4 in Fighting
     9 | D        | Reached skill level 4 in Polearms
     9 | D        | Reached skill level 4 in Armour
     9 | D        | Reached skill level 4 in Shields
     9 | D        | Reached XP level 2. HP: 25/25 MP: 2/2
     9 | D        | Reached XP level 3. HP: 30/30 MP: 3/3
    16 | D        | Noticed an ogre
    22 | D        | HP: 5/30 [ogre/giant spiked club (25)]
    27 | D        | Killed an ogre
    27 | D        | Reached skill level 5 in Fighting
    27 | D        | Reached skill level 6 in Polearms
    27 | D        | Reached skill level 5 in Armour
    27 | D        | Reached skill level 6 in Shields
    27 | D        | Reached XP level 4. HP: 7/39 MP: 4/4
    27 | D        | Reached XP level 5. HP: 8/44 MP: 5/5
   279 | D        | Noticed Sigmund
   286 | D        | Killed Sigmund
   286 | D        | Reached skill level 6 in Fighting
   286 | D        | Reached skill level 8 in Polearms
   286 | D        | Reached skill level 6 in Armour
   286 | D        | Reached skill level 7 in Shields
   286 | D        | Reached XP level 6. HP: 27/53 MP: 6/6
   445 | D        | Found an ornate altar of the Wu Jian Council.
   445 | D        | Found a deep blue altar of Sif Muna.
   447 | D        | Found a radiant altar of Vehumet.
   450 | D        | Reached skill level 7 in Fighting
   450 | D        | Reached skill level 7 in Armour
   457 | D        | Found Woffuud's Food Emporium.
   457 | D        | Found an ancient bone altar of Kikubaaqudgha.
   457 | D        | Found a hazy altar of Hepliaklqana.
   457 | D        | Found a stormy altar of Qazlal.
   457 | D        | Found a hide-covered altar of Uskayaw.
   457 | D        | Found a blossoming altar of Fedhas.
   457 | D        | Found a bloodstained altar of Trog.
   457 | D        | Found an iron altar of Okawaru.
   457 | D        | Found a basalt altar of Yredelemnul.
   457 | D        | Found a glowing golden altar of the Shining One.
   457 | D        | Found a snail-covered altar of Cheibriados.
   457 | D        | Found a sacrificial altar of Ru.
   457 | D        | Found a glowing silver altar of Zin.
   457 | D        | Found a shadowy altar of Dithmenos.
   457 | D        | Found a white marble altar of Elyvilon.
   457 | D        | Noticed a yak
   465 | D        | Killed a yak
   465 | D        | Reached skill level 9 in Polearms
   465 | D        | Reached skill level 8 in Shields
   465 | D        | Reached XP level 7. HP: 33/61 MP: 7/7
   466 | D        | Found an opulent altar of Gozag.
   469 | D        | Found a sparkling altar of Nemelex Xobeh.
   475 | D        | Became a worshipper of Warmaster Okawaru
   643 | D        | Noticed a centaur warrior
   643 | D        | Noticed a centaur warrior
   651 | D        | HP: 8/61 [centaur warrior (8)]
   652 | D        | Slain by a centaur warrior

Skill      XL: |  1  2  3  4  5  6 |
---------------+-------------------+-----
Fighting       | 4 5 6 7 |  7.8
Polearms       | 4 6 8 9 |  9.3
Armour         | 4 5 6 7 |  7.8
Shields        | 4 6 7 8 |  8.5

Action                   |  1- 3 |  4- 6 |  7- 9 || total
-------------------------+-------+-------+-------++-------
Melee: Trident           |    19 |     5 |       ||    24
       Scythe            |       |    10 |     5 ||    15
Armor: Scale mail        |     5 |     1 |     5 ||    11
Dodge: Dodged            |     4 |     3 |     2 ||     9
Block: Shield            |     3 |     7 |     8 ||    18

Vault maps used:
D:        dungeon_sprint_1

Table legend:
 A = Turns spent in this place as a percentage of turns spent in the entire game.
 B = Non-inter-level travel turns spent in this place as a percentage of non-inter-level travel turns spent in the entire game.
 C = Inter-level travel turns spent in this place as a percentage of turns spent in this place.
 D = Turns resting spent in this place as a percentage of non-inter-level travel turns spent in this place.
 E = Turns spent auto-exploring this place as a percentage of non-inter-level travel turns spent in this place.
 F = Non-inter-level travel turns spent in this place divided by the number of levels of this place that you've seen.
                   A       B       C       D       E      F
               +-------+-------+-------+-------+-------+----------------------
         Total | 100.0 | 100.0 |   0.0 |  76.8 |   0.0 | 652.0
       Dungeon | 100.0 | 100.0 |   0.0 |  76.8 |   0.0 | 652.0
               +-------+-------+-------+-------+-------+----------------------

Table legend:
 A = Kills in this place as a percentage of kills in entire the game.
 B = Kills by you in this place as a percentage of kills by you in the entire game.
 C = Kills by friends in this place as a percentage of kills by friends in the entire game.
 D = Other kills in this place as a percentage of other kills in the entire game.
 E = Experience gained in this place as a percentage of experience gained in the entire game.
 F = Experience gained in this place divided by the number of levels of this place that you have seen.
                   A       B       C       D       E      F
               +-------+-------+-------+-------+-------+----------------------
         Total | 100.0 | 100.0 |   N/A |   N/A | 100.0 | 604.0
       Dungeon | 100.0 | 100.0 |   N/A |   N/A | 100.0 | 604.0
               +-------+-------+-------+-------+-------+----------------------
